 Dungeon Crawl Stone Soup version 0.23.2-33-g5129a83184 (webtiles) character file.

Game seed: 9536066275103831679

218 H0rd4k the Charlatan (level 6, 0/46 HPs)
             Began as a Human Artificer on July 18, 2019.
             Killed from afar by an orc wizard (6 damage)
             ... with a magic dart
             ... on level 3 of the Dungeon.
             The game lasted 00:03:48 (2320 turns).

H0rd4k the Charlatan (Human Artificer)              Turns: 2320, Time: 00:03:48

Health: 0/46       AC:  6    Str: 19    XL:     6   Next: 17%
Magic:  8/8        EV: 12    Int: 11    God:
Gold:   39         SH:  0    Dex: 14    Spells: 5/5 levels left

rFire    . . .     SeeInvis .   i - +3 dagger (freeze)
rCold    . . .     Gourm    .   (no shield)
rNeg     . . .     Faith    .   l - +1 ring mail {rPois}
rPois    +         Spirit   .   (no helmet)
rElec    .         Reflect  .   (no cloak)
rCorr    .         Harm     .   (no gloves)
MR       .....                  (no boots)
Stlth    +.........             (no amulet)
HPRegen  0.15/turn              (no ring)
MPRegen  0.11/turn              (no ring)

@: mighty, flying, very slightly contaminated
A: no striking features
a: no special abilities


You were on level 3 of the Dungeon.
You were hungry.

You visited 1 branch of the dungeon, and saw 4 of its levels.

You collected 89 gold pieces.
You spent 50 gold pieces at shops.

Inventory:

Hand Weapons
 a - a +0 short sword
 i - a +3 dagger of freezing (weapon)
Armour
 b - a +0 leather armour
 l - a +1 ring mail of poison resistance (worn)
 r - a +3 ring mail
Jewellery
 s - an uncursed ring of wizardry
Wands
 c - a wand of flame (15)
 d - a wand of enslavement (15)
 e - a wand of random effects (15)
Scrolls
 k - 2 scrolls of identify
 n - a scroll of amnesia
 o - a scroll of fog {unknown}
 p - a scroll of remove curse {unknown}
 t - 2 scrolls of teleportation {unknown}
Potions
 g - a potion of cancellation
Comestibles
 f - 10 rations


   Skills:
 + Level 2.7 Fighting
 + Level 2.8 Short Blades
 + Level 2.0 Armour
 + Level 3.2 Dodging
 + Level 1.0 Stealth
 + Level 3.7 Evocations


You had 5 spell levels left.
You didn't know any spells.
Your spell library was empty.

Dungeon Overview and Level Annotations

Branches:
Dungeon (4/15)
 Temple: D:4-7

Altars:

Shops:
D:4 !

Annotations:
D:1 exclusion: downstairs
D:2 Robin
D:3 Grinder


Message History

You hear some strange, mumbled words.
A puff of flame appears from out of thin air!
The puff of flame hits you! Grinder completely misses you.
Something hits you but does no damage.
You hit Grinder.
Grinder is moderately wounded.
You hear some strange, mumbled words.
A magic dart appears from out of thin air!
The magic dart hits you. Grinder gestures at you.
Pain shoots through your body!
* * * LOW HITPOINT WARNING * * *
The orc hits you but does no damage. The goblin hits you with a +0 club.
* * * LOW HITPOINT WARNING * * *
You barely miss Grinder.
Grinder is moderately wounded.
You hear some strange, mumbled words.
A magic dart appears from out of thin air!
The magic dart hits you.
You die...

#..# #g.
##.## . #.g#
####o##
#g..o.#
#.###...#
#.# ###...#
#.###.###...
#..g5@o.###.
#####{g...#
#.)...#
#.....#
#...$.#
#######


You could see Grinder, an orc, a hobgoblin and a goblin.

Vanquished Creatures
  A hound (D:2)
  Jessica (D:3)
  4 gnolls (D:2)
  4 adders
  2 adder skeletons (D:2)
  A dart slug (D:2)
  3 orcs
  A bat skeleton (D:2)
  2 bat zombies (D:2)
  10 hobgoblins
  4 jackals
  9 kobolds
  3 quokkas
  9 bats
  2 frilled lizards
  2 giant cockroach zombies (D:2)
  13 goblins
  A leopard gecko zombie (D:2)
  A quokka skeleton (D:2)
  10 rats
83 creatures vanquished.

Notes
Turn   | Place    | Note
-------+----------+-------------------------------------------
     0 | D:1      | H0rd4k the Human Artificer began the quest for the Orb.
     0 | D:1      | Reached XP level 1. HP: 15/15 MP: 3/3
   423 | D:1      | Reached XP level 2. HP: 19/21 MP: 4/4
   874 | D:2      | Reached XP level 3. HP: 26/26 MP: 5/5
   898 | D:2      | Reached skill level 1 in Armour
   928 | D:2      | Noticed Robin
  1247 | D:2      | Reached XP level 4. HP: 27/32 MP: 6/6
  1629 | D:2      | Reached XP level 5. HP: 30/38 MP: 7/7
  1843 | D:2      | You fall through a shaft for 2 floors!
  1988 | D:4      | Found Uggekez's Distillery.
  1992 | D:4      | Bought a potion of heal wounds for 50 gold pieces
  2139 | D:3      | Noticed Jessica
  2148 | D:3      | Killed Jessica
  2148 | D:3      | Reached XP level 6. HP: 46/46 MP: 8/8
  2240 | D:3      | Noticed Grinder
  2259 | D:3      | Paralysed by Grinder for 5 turns
  2320 | D:3      | Killed from afar by an orc wizard

Skill      XL: |  1  2  3  4  5  6 |
---------------+-------------------+-----
Armour         | 1 2 |  2.0
Short Blades   | 2 |  2.8
Fighting       | 2 |  2.7
Dodging        | 3 |  3.2
Stealth        | |  1.0
Evocations     | |  3.7

Action                   |  1- 3 |  4- 6 || total
-------------------------+-------+-------++-------
Melee: Dagger            |   109 |   201 ||   310
       Short sword       |     2 |       ||     2
  Use: Potion            |       |     5 ||     5
       Scroll            |       |     3 ||     3
 Stab: Sleeping          |     1 |       ||     1
  Eat: Chunk             |     1 |     3 ||     4
Armor: Leather armour    |    10 |       ||    10
       Ring mail         |    34 |    61 ||    95
Dodge: Dodged            |    79 |   125 ||   204
